 Dungeon Crawl Stone Soup version 0.31.0-11-ge490571c62 (webtiles) character file.

Game seed: 17813508023544063198

27 yokelz the Slasher (level 2, 0/22 HPs)
             Began as a Demonspawn Gladiator on Feb 4, 2024.
             Slain by Terence
             ... wielding a +0 flail
              (5 damage)
             ... on level 2 of the Dungeon.
             The game lasted 00:01:30 (996 turns).

yokelz the Slasher (Demonspawn Gladiator)            Turns: 996, Time: 00:01:30

Health: 0/22       AC:  4    Str: 14    XL:     2   Next: 93%
Magic:  2/2        EV: 12    Int:  8    God:
Gold:   115        SH:  0    Dex: 14    Spells: 1/1 levels left

rFire   . . .        a - +0 long sword
rCold   . . .        (no shield)
rNeg    . . .        b - +0 leather armour
rPois   .            c - +0 helmet
rElec   .            (no cloak)
rCorr   .            (no gloves)
SInv    .            (no boots)
Will    .....        (no amulet)
Stlth   +            (no ring)
HPRegen 0.23/turn    (no ring)
MPRegen 0.08/turn

%: no passive effects
@: no status effects
A: ignite blood 1
a: no special abilities


You were on level 2 of the Dungeon.
You visited 1 branch of the dungeon, and saw 2 of its levels.

You collected 115 gold pieces.

Inventory:

Hand Weapons
 a - a +0 long sword (weapon)
Missiles
 d - 3 throwing nets (quivered)
 e - a javelin
Armour
 b - a +0 leather armour (worn)
 c - a +0 helmet (worn)
Scrolls
 g - a scroll of amnesia {unknown}
 i - a scroll of enchant armour {unknown}
 j - 2 scrolls of identify {unknown}
Potions
 f - a potion of curing {unknown}
 h - a potion of degeneration {unknown}


   Skills:
 - Level 2.0 Fighting
 + Level 3.8 Long Blades
 - Level 1.7 Throwing
 - Level 2.6 Dodging


You had one spell level left.
You didn't know any spells.
Your spell library contained the following spells:

 Spells                   Type           Power      Damage    Failure   Level
 Static Discharge         Conj/Air       0%         3-3/arc   63%         2
 Volatile Blastmotes      Fire/Tloc      0%         2d10      86%         3
 Airstrike                Air            0%         2d(0-16)  99%         4
 Fulminant Prism          Conj/Alch      0%         3d5       99%         4
 Iskenderun's Mystic Bla  Conj/Tloc      0%         2d3       99%         4
 Summon Lightning Spire   Summ/Air       0%         N/A       99%         4


Dungeon Overview and Level Annotations

Branches:
Dungeon (2/15)

Altars:
Okawaru

Annotations:
D:2 Terence


Innate Abilities, Weirdness & Mutations

Your demonic aura sometimes causes spilled blood to erupt in flames.


Message History

Found a stone staircase leading up.
You see here a +0 dagger.
j - a scroll labelled CIOL ZAEQAILOC
j - 2 scrolls labelled CIOL ZAEQAILOC (gained 1)
Found a stone staircase leading up.
A rat comes into view.
Found 11 gold pieces and a ring mail.
The rat squeaks loudly.
You hear a shout!
Terence the Incautious comes into view.
He is wielding a +0 flail and wearing a +2 chain mail of cold resistance.
Found an iron altar of Okawaru.
Terence shouts!
Terence moves out of view.
Found a scroll labelled FACUNIS BANIRPH.
You see here 11 gold pieces.
Danger: Terence |T2| Reason: Unique monster, careful!
You barely miss the rat. The rat misses you.
You slash the rat!
You kill the rat!
Terence shouts, "Get ready for death!"
You hit Terence but do no damage.
Terence shouts, "Get ready for death!"
Terence closely misses you. Terence hits you with a +0 flail!
You hit Terence.
Terence is lightly wounded.
Terence hits you with a +0 flail.
You closely miss Terence.
Terence is lightly wounded.
Terence misses you.
You hit Terence.
Terence is heavily wounded.
Terence hits you but does no damage.
You slash Terence!
Terence is severely wounded.
Terence hits you with a +0 flail!
You closely miss Terence.
Terence is severely wounded.
Terence says, "You're history."
Terence hits you with a +0 flail.
You die...
Terence says, "That felt goooood."

#.# #.# #..?..+#
#.# #......# #.#
.._...##### #.#
.........## #.#
.......... #.#
...[.#.#
#.#########
#@.....#
#.........# #@....#
#########.###..#..#
#....<....#
#####..##.# #.....#
##.#### .# .# .#


You could see Terence.

Vanquished Creatures
  3 dart slugs
  3 endoplasms
  A giant cockroach (D:2)
  2 goblins (D:1)
  A hobgoblin (D:2)
  A quokka (D:1)
  2 bats (D:1)
  A frilled lizard (D:1)
  2 kobolds
  4 rats
20 creatures vanquished.

Notes
Turn   | Place    | Note
-------+----------+-------------------------------------------
     0 | D:1      | yokelz the Demonspawn Gladiator began the quest for the
                  | Orb.
     0 | D:1      | Reached XP level 1. HP: 16/16 MP: 1/1
    78 | D:1      | Reached skill level 3 in Long Blades
   183 | D:1      | Danger: Low HP Warning |T2| Reason: 50% HP (8/16)
   184 | D:1      | Danger: Low HP Warning |T2| Reason: 43% HP (7/16)
   259 | D:1      | Gained mutation: Your demonic aura sometimes causes spilled
                  | blood to erupt in flames. [demonic ancestry]
   259 | D:1      | Reached XP level 2. HP: 22/22 MP: 2/2
   776 | D:2      | Danger: Low HP Warning |T2| Reason: 45% HP (10/22)
   782 | D:2      | Danger: Low HP Warning |T2| Reason: 40% HP (9/22)
   987 | D:2      | Found an iron altar of Okawaru.
   987 | D:2      | Noticed Terence
   989 | D:2      | Danger: Terence |T2| Reason: Unique monster, careful!
   996 | D:2      | Slain by Terence

Illustrated notes

Levels and vault maps discovered:
D:1:      nicolae_arrival_somewhat_less_tricky_arrival, layout_loops_ring,
          chequers_serial_rivers_micro_e, minmay_misc_feat_columns
D:2:      layout_loops_corners, basic_altar, uniq_terence

Skill      XL: |  1 |
---------------+----+-----
Long Blades    | 3 |  3.8
Fighting       | |  2.0
Throwing       | |  1.7
Dodging        | |  2.6

Action                     || total
---------------------------++-------
  Melee: Long sword        ||    59
 Armour: Leather armour    ||    28
  Dodge: Dodged            ||    32
